 Dungeon Crawl Stone Soup version 0.29.1-2-gbd0b4ee654 (webtiles) character file.

Game seed: 3423126326756543791

180635 Markus the Unseen (level 18, -7/117 HPs)
             Began as a Kobold Brigand on Nov 17, 2022.
             Was the Champion of Ashenzari.
             Shot with an arrow by Vashnia (25 damage)
             ... on level 4 of the Snake Pit on Nov 18, 2022.
             The game lasted 04:12:55 (28403 turns).

Markus the Unseen (Kobold Brigand)                 Turns: 28403, Time: 04:12:56

Health: -7/117     AC: 12    Str:  9    XL:     18   Next: 96%
Magic:  6/37       EV: 33    Int: 14    God:    Ashenzari [******]
Gold:   1950       SH: 16    Dex: 22    Spells: 0/47 levels left

rFire   + . .      SeeInvis +   a - +2 dagger of Star-Bound Wisdom {Cun, Bglg} (curse)
rCold   + . .      Faith    .   u - +2 kite shield of Supernal Gnosis {AC+3, Alch, Bglg} (curse)
rNeg    + . .      Spirit   .   I - +1 leather armour of Ashenzari's Elitism {rF+, Alch, Range} (curse)
rPois   +          Reflect  .   z - +0 hat of Panopticon {Range, Alch} (curse)
rElec   .          Harm     .   V - scarf "Perceptive Loss" {shadows, Fort, Cun} (curse)
rCorr   .          Rampage  .   v - +0 pair of gloves of the Omniscient Seer {Elem, Fort} (curse)
Will    .....      Clarity  +   A - +1 pair of boots of Panopticon {Melee, Bglg} (curse)
Stlth   +++++++++.              D - amulet of the Lashed Sage {Regen+, Melee, Evo} (curse)
HPRegen 1.09/turn               t - ring "Suspicion of Ashenzari" {rPois, Evo, Melee} (curse)
MPRegen 0.25/turn               N - ring of the Chained Affliction {rC+ rN+ Will- EV+4 Slay+2, Evo, Elem} (curse)

@: mighty, freezing walls
A: small, no large weapons, nightstalker 3
a: Renounce Religion, Shatter the Chains


You were on level 4 of the Snake Pit.
You worshipped Ashenzari.
Ashenzari was exalted by your worship.
You visited 5 branches of the dungeon, and saw 27 of its levels.
You also visited: Ice Cave and Volcano.

You collected 2628 gold pieces.
You spent 678 gold pieces at shops.

Inventory:

Hand Weapons
 a - the cursed +2 dagger of Star-Bound Wisdom (weapon) {Cun, Bglg}

   It has a curse which improves the following skills: Cunning: Dodging and
   Stealth.
   Beguiling: Conjurations, Hexes and Translocations.
 r - the +12 arbalest "Cofeidiv" {elec, Fragile rN+ Str+7}
   (You found it on level 4 of the Snake Pit)

   Any ammunition fired from it occasionally discharges a powerful burst of
   electricity upon striking a foe.
   Str:       It affects your strength (+7).
   rN:        It protects you from negative energy.
   Fragile:   It will be destroyed if unequipped.
 M - a +2 dagger of speed
 O - a +1 hand crossbow of flaming
Missiles
 d - 21 poisoned darts (quivered)
 e - 5 curare-tipped darts
 o - 8 boomerangs
 p - 6 throwing nets
 T - 3 atropa-tipped darts
Armour
 u - the cursed +2 kite shield of Supernal Gnosis (worn) {AC+3, Alch, Bglg}
   (You took it off a naga warrior on level 1 of the Snake Pit)

   It has a curse which improves the following skills: Alchemy: Poison Magic and
   Transmutations.
   Beguiling: Conjurations, Hexes and Translocations.
 v - the cursed +0 pair of gloves of the Omniscient Seer (worn) {Elem, Fort}
   (You found it on level 3 of the Lair of Beasts)

   It has a curse which improves the following skills: Elements: Fire Magic, Ice
   Magic, Air Magic and Earth Magic.
   Fortitude: Armour and Shields.
 z - the cursed +0 hat of Panopticon (worn) {Range, Alch}
   (You found it on level 5 of the Dungeon)

   It has a curse which improves the following skills: Ranged Combat: Ranged
   Weapons and Throwing.
   Alchemy:   Poison Magic and Transmutations.
 A - the cursed +1 pair of boots of Panopticon (worn) {Melee, Bglg}
   (You found it on level 2 of the Lair of Beasts)

   It has a curse which improves the following skills: Melee Combat: Short
   Blades, Long Blades, Axes, Maces & Flails, Polearms, Staves and Unarmed
   Combat.
   Beguiling: Conjurations, Hexes and Translocations.
 I - the cursed +1 leather armour of Ashenzari's Elitism (worn) {rF+, Alch, Range}
   (You took it off Duvessa on level 6 of the Dungeon)

   It has a curse which improves the following skills: Alchemy: Poison Magic and
   Transmutations.
   Ranged Combat: Ranged Weapons and Throwing.
 V - the cursed scarf "Perceptive Loss" (worn) {shadows, Fort, Cun}
   (You found it on level 4 of the Lair of Beasts)

   It has a curse which improves the following skills: Fortitude: Armour and
   Shields.
   Cunning:   Dodging and Stealth.
 Z - the +1 ring mail of Saofecus {rElec rPois Str+7 Int+2}
   (You took it off a gnoll sergeant on level 6 of the Dungeon)

   Str:       It affects your strength (+7).
   Int:       It affects your intelligence (+2).
   rElec:     It insulates you from electricity.
   rPois:     It protects you from poison.
Jewellery
 t - the cursed ring "Suspicion of Ashenzari" (left hand) {rPois, Evo, Melee}
   (You found it on level 4 of the Dungeon)

   [ring of poison resistance]

   rPois:     It protects you from poison.
   It has a curse which improves the following skills: Evocations: Evocations.
   Melee Combat: Short Blades, Long Blades, Axes, Maces & Flails, Polearms,
   Staves and Unarmed Combat.
 D - the cursed amulet of the Lashed Sage (around neck) {Regen+, Melee, Evo}
   (You took it off a centaur on level 6 of the Dungeon)

   [amulet of regeneration]

   Regen:     It increases your rate of health regeneration.
   It has a curse which improves the following skills: Melee Combat: Short
   Blades, Long Blades, Axes, Maces & Flails, Polearms, Staves and Unarmed
   Combat.
   Evocations: Evocations.
 N - the cursed ring of the Chained Affliction (right hand) {rC+ rN+ Will- EV+4 Slay+2, Evo, Elem}
   (You acquired it on level 2 of the Lair of Beasts)

   [ring of evasion]

   EV:        It affects your evasion (+4).
   Slay:      It affects your accuracy & damage with ranged weapons and melee
   (+2).
   rC:        It protects you from cold.
   rN:        It protects you from negative energy.
   Will:      It decreases your willpower.
   It has a curse which improves the following skills: Evocations: Evocations.
   Elements:  Fire Magic, Ice Magic, Air Magic and Earth Magic.
Wands
 y - a wand of paralysis (3)
 E - a wand of quicksilver (29)
 P - a wand of flame (50)
 R - a wand of iceblast (9)
 X - a wand of polymorph (6)
Scrolls
 b - 2 scrolls of butterflies
 i - a scroll of blinking
 j - 6 scrolls of immolation
 l - 4 scrolls of silence
 n - 4 scrolls of fear
 w - 9 scrolls of teleportation
 x - 2 scrolls of enchant weapon
 C - 2 scrolls of vulnerability
 J - 4 scrolls of enchant armour
 K - a scroll of magic mapping
 L - 5 scrolls of summoning
 Q - 2 scrolls of poison
 S - a scroll of amnesia
 U - 2 scrolls of brand weapon
Potions
 f - 6 potions of flight
 g - 19 potions of curing
 h - 4 potions of resistance
 k - a potion of magic
 m - 6 potions of brilliance
 q - 7 potions of might
 s - 2 potions of lignification
 B - 2 potions of cancellation
 F - 2 potions of invisibility
 G - a potion of ambrosia
 H - 2 potions of haste
 Y - 4 potions of mutation
Miscellaneous
 W - a condenser vane


   Skills:
 + Level 14.5 Fighting
 - Level 8.9(14.0) Short Blades
 - Level 3.0(6.2) Throwing
 - Level 6.5(10.4) Armour
 - Level 16.2(20.0) Dodging
 - Level 16.3(20.1) Stealth
 + Level 8.6(12.6) Shields
 - Level 15.0 Spellcasting
 - Level 5.2(10.0) Conjurations
 - Level 7.9(13.0) Hexes
 + Level 13.4 Summonings
 - Level 0.9(3.4) Translocations
 - Level 8.0(12.0) Ice Magic
 - Level 4.7(8.4) Air Magic
 - Level 2.0(5.5) Evocations


You couldn't memorise any spells.
You knew the following spells:

 Your Spells              Type           Power      Damage    Failure   Level
a - Ensorcelled Hibernat  Hex/Ice        90%        N/A       1%          2
b - Dazzling Flash        Conj/Hex       84%        N/A       1%          3
c - Mephitic Cloud        Conj/Pois/Air  28%        N/A       4%          3
d - Stone Arrow           Conj/Erth      50%        3d10      8%          3
e - Static Discharge      Conj/Air       36%        3-8/arc   1%          2
f - Lightning Bolt        Conj/Air       18%        1d32      14%         5
g - Frozen Ramparts       Ice            88%        1d14      1%          3
h - Freezing Cloud        Conj/Ice/Air   19%        6-21      10%         5
i - Ozocubu's Armour      Ice            44%        N/A       1%          3
j - Swiftness             Air            34%        N/A       1%          3
k - Summon Mana Viper     Hex/Summ       47%        N/A       2%          5
l - Summon Cactus Giant   Summ           24%        N/A       14%         6
m - Tukima's Dance        Hex            47%        N/A       1%          3
n - Portal Projectile     Hex/Tloc       66%        N/A       2%          3

Your spell library contained the following spells:

 Spells                   Type           Power      Damage    Failure   Level
 Summon Ice Beast         Ice/Summ       46%        N/A       1%          4
 Silence                  Hex/Air        20%        N/A       8%          5
 Leda's Liquefaction      Hex/Erth       14%        N/A       13%         4
 Gell's Gravitas          Tloc           20%        N/A       16%         3
 Lesser Beckoning         Tloc           20%        N/A       16%         3
 Teleport Other           Tloc           20%        N/A       16%         3
 Ice Form                 Ice/Tmut       28%        N/A       16%         4
 Sandblast                Erth           24%        2d8       17%         1
 Summon Forest            Summ/Tloc      17%        N/A       19%         5
 Passwall                 Tmut/Erth      10%        N/A       26%         2
 Ignite Poison            Fire/Tmut/Pois 12%        N/A       43%         3
 Corpse Rot               Necr/Pois/Air  19%        N/A       52%         4
 Ozocubu's Refrigeration  Ice            22%        4d12      78%         7
 Dispel Undead            Necr           10%        3d9       91%         4
 Agony                    Necr           10%        N/A       99%         5
 Alistair's Intoxication  Tmut/Pois      8%         N/A       99%         5
 Blade Hands              Tmut           6%         N/A       99%         5
 Borgnjor's Vile Clutch   Necr/Erth      5%         N/A       99%         5
 Lee's Rapid Deconstruct  Erth           6%         3d7*      99%         5
 Death Channel            Necr           5%         N/A       100%        6
 Eringya's Noxious Bog    Tmut/Pois      6%         N/A       100%        6
 Statue Form              Tmut/Erth      8%         N/A       100%        6
 Maxwell's Capacitive Co  Air            17%        ∞         100%        8


Dungeon Overview and Level Annotations

Branches:
Dungeon (15/15)            Temple (1/1) D:5            Lair (5/5) D:8
  Swamp (0/4) Lair:3        Snake (4/4) Lair:3        Slime (0/5) Lair:4
    Orc (2/2) D:9             Elf (0/3) Orc:2        Vaults (0/5) D:13
 Depths (0/4) D:15          IceCv (visited)         Volcano (visited)

Altars:
Ashenzari
Dithmenos
Fedhas
Gozag
Kikubaaqudgha
Nemelex Xobeh
Okawaru
Qazlal
Ru
Trog
Vehumet
Wu Jian
The Shining One
Jiyva

Shops:
D:10 (?   Orc:2 [*!?

Portals:
Trove: D:12 (give horn of Geryon)

Annotations:
D:3 Sigmund
D:12 Trove N> Horn of Geryon
D:15 exclusions: obsidian statue and 24 more exclusions
Lair:2 1 runed translucent door, Rosiu1125's ghost, journeyman MiBe
Snake:4 Vashnia
Orc:1 Transporter area


Innate Abilities, Weirdness & Mutations

You are small and have problems with some larger weapons.
You are completely attuned to the shadows.


Message History

Vashnia's magic leaks into the air.
Your cactus giant closely misses Vashnia.
Your magical contamination has completely faded away.
Casting: Summon Mana Viper (dangerous; 2% risk of failure)
Confirm with . or Enter, or press ? or * to list all spells.
Casting: Frozen Ramparts (safe; 1% risk of failure)
Press: ? - help, Dir - look around, f - activate The walls around you are covered in ice.
* * * LOW MAGIC WARNING * * *
Your mana viper closely misses Vashnia.
The wall freezes Vashnia!
Vashnia shoots an arrow.
The arrow hits you!!
* * * LOW HITPOINT WARNING * * *
x2
Aiming: Paralyse
Press: ? - help, Shift-Dir - straight line, f - Vashnia
Aim: Vashnia, wielding a +1 vorpal longbow and wearing a +0 barding of flying (heavily wounded, ally target, magic disrupted, chance to affect: 1%)
Okay, then.
You feel very mighty all of a sudden.
Your mana viper bites Vashnia!
Vashnia's magic leaks into the air.
The wall freezes Vashnia.
Vashnia shoots an arrow.
The arrow hits you!
* * * LOW HITPOINT WARNING * * *
x2 You puncture Vashnia!
Vashnia is severely wounded.
Your mana viper bites Vashnia!
Vashnia's magic leaks into the air.
You hit Vashnia but do no damage.
Vashnia is severely wounded.
Your mana viper barely misses Vashnia.
The wall freezes Vashnia but does no damage.
Vashnia spits poison at you.
The splash of poison hits you but does no damage.
You resist.
Your cactus giant barely misses Vashnia.
You closely miss Vashnia.
Vashnia is severely wounded.
Your mana viper closely misses Vashnia.
The wall freezes Vashnia!
Vashnia shoots an arrow.
You block the arrow.
You feel better.
Your mana viper misses Vashnia.
Your mana viper barely misses Vashnia.
The wall freezes Vashnia but does no damage.
Vashnia shoots an arrow.
The arrow hits you!!
You die...

####.##############.##.###* ...##
####.#######..#####.##.######.S:#
###....####....####.##.##########
..####.####....####[...#######..N
...###.###..[..####.##.....###..§
...#######.)#..####.###########..
)..)#)####..#..####.############.
.....).###..#..#NC..#############
.⌠..)..###..#...@S..### #####
....)..###.)#...#...### ####
....#..)##..#..[.)##### ###
...##..)#)..#.....###### #####
..##.....N.##.....###### ######
,*###.N...#####..).##### #######
* ###...)#..<#.....#### #####..
####..##..).[)....### ####...
######....[.)....### ###....


You could see Vashnia (ally target, magic disrupted), a friendly mana viper
(summoned) and a friendly cactus giant (summoned).

Vanquished Creatures
  The ghost of Dadghomedgh the Thaumaturge, an adept GnHW of Sif Muna (Snake:4)
  Gastronok (D:10)
  Kirke (Snake:2)
  Donald (Snake:2)
  6 nagarajas
  An orc warlord (Orc:1)
  Azrael (D:15)
  2 fire dragons (Lair:5)
  Josephine (D:12)
  An ice dragon (D:14)
  A salamander tyrant (Snake:4)
  2 boulder beetles
  3 ogre magi
  13 anacondas
  9 hydras
  2 centaur warriors
  17 two-headed ogres
  Erica (Lair:1)
  5 death yaks (Lair:5)
  15 naga warriors
  13 naga sharpshooters
  Urug (Lair:1)
  An orc high priest (Orc:1)
  6 shock serpents
  4 salamander mystics
  2 sea snakes (Snake:2)
  2 deep trolls (Orc:2)
  A swamp dragon (Lair:5)
  4 bog bodies
  6 naga ritualists
  2 wizards
  19 ugly things
  11 mana vipers
  4 deep elf pyromancers (D:15)
  2 lindwurms (Lair:5)
  2 necromancers
  4 orc sorcerers
  11 cyclopes
  2 manticores (D:11)
  12 salamanders
  7 elephants
  Maurice (D:8)
  22 black mambas
  4 guardian serpents (Snake:4)
  20 naga magi
  The ghost of kalagan the Conjurer, a novice DECj (D:6)
  A centaur skeleton (D:15)
  A gargoyle (Volcano)
  A smoke demon (Volcano)
  2 molten gargoyles
  16 cane toads
  5 torpor snails (Lair:5)
  An unseen horror (D:13)
  6 anaconda simulacra (IceCv)
  5 rime drakes
  2 kobold demonologists
  7 ice devils (IceCv)
  11 komodo dragons
  13 trolls
  A meliai (shapeshifter) (D:13)
  7 hornets
  3 tyrant leeches (Lair:5)
  A polar bear (Lair:1)
  42 blink frogs
  11 slime creatures
  A nameless horror (IceCv)
  A centaur simulacrum (D:15)
  A vampire (D:11)
  A jumping spider (shapeshifter) (D:14)
  3 wyverns
  10 wraiths
  A water elemental (D:14)
  5 basilisks
  A dire elephant simulacrum (IceCv)
  4 hogs (Snake:2)
  5 fire bats
  4 steam dragons
  2 fire elementals (D:15)
  43 yaks
  15 vampire mosquitoes
  2 swamp worms (Lair:3)
  5 acid dragons
  2 hydra simulacra (IceCv)
  3 wargs
  A harpy simulacrum (IceCv)
  Edmund (D:6)
  29 nagas
  5 hell hounds
  12 water moccasins
  Duvessa (D:6)
  14 orc warriors
  3 black bears
  A meliai simulacrum (D:15)
  A swamp drake (Lair:5)
  2 ice beasts
  11 wolves
  26 ogres
  8 centaurs
  2 phantoms
  A necrophage (D:7)
  A kobold brigand (D:7)
  8 bullfrogs
  4 gnoll sergeants
  A two-headed ogre simulacrum (IceCv)
  4 scorpions
  15 wights
  Dowan (D:6)
  7 killer bees (D:9)
  2 howler monkeys (D:8)
  3 vampire bats (D:6)
  5 electric eels
  10 lava snakes
  2 hounds
  10 orc priests
  2 gnoll boudas
  7 iguanas
  30 orc wizards
  A spriggan simulacrum (IceCv)
  A wolf simulacrum (IceCv)
  23 gnolls
  5 adders
  A shadow imp (D:6)
  2 white imps
  2 ufetubi (D:5)
  2 worms
  3 dart slugs
  57 orcs
  4 bats
  3 bat skeletons (D:6)
  3 bat zombies (D:6)
  6 endoplasms
  3 giant cockroaches
  2 goblins
  8 hobgoblins
  13 kobolds
  2 quokkas (D:3)
  9 ball pythons
  6 frilled lizards
  5 rats
884 creatures vanquished.

Vanquished Creatures (collateral kills)
  2 nagarajas
  A naga warrior (Snake:4)
  A naga ritualist (Snake:3)
  2 ice statues (IceCv)
  2 hogs (Snake:2)
  A fire elemental (D:15)
  A vampire mosquito (D:12)
  A nameless horror (Snake:4)
  A two-headed ogre simulacrum (IceCv)
12 creatures vanquished.

Vanquished Creatures (others)
  An anaconda (Snake:3)
  A kobold (D:7)
  A bush (D:8)
  A fire vortex (D:11)
  28 fungi
  88 plants
120 creatures vanquished.

Grand Total: 1016 creatures vanquished

Notes
Turn   | Place    | Note
-------+----------+-------------------------------------------
     0 | D:1      | Markus the Kobold Brigand began the quest for the Orb.
     0 | D:1      | Reached XP level 1. HP: 12/12 MP: 1/1
   178 | D:1      | Found a faded altar of an unknown god.
   182 | D:1      | Prayed at the altar of an unknown god.
   182 | D:1      | Became a worshipper of Ashenzari the Shackled
   280 | D:1      | Reached XP level 2. HP: 17/17 MP: 2/2
   927 | D:2      | Reached XP level 3. HP: 21/22 MP: 3/3
   973 | D:2      | Reached skill level 3 in Short Blades
  1010 | D:2      | Reached * piety under Ashenzari
  1010 | D:2      | Identified a scroll of acquirement
  1195 | D:2      | Learned a level 2 spell: Ensorcelled Hibernation
  1272 | D:2      | Reached skill level 1 in Ice Magic
  1276 | D:2      | Reached XP level 4. HP: 27/27 MP: 5/5
  1387 | D:2      | Reached skill level 2 in Dodging
  1387 | D:2      | Reached skill level 1 in Hexes
  1561 | D:3      | Reached skill level 1 in Spellcasting
  1564 | D:3      | Reached skill level 6 in Stealth
  1568 | D:3      | Reached XP level 5. HP: 31/31 MP: 6/6
  1695 | D:3      | Noticed a black bear
  1697 | D:3      | Killed a black bear
  1698 | D:3      | Reached skill level 3 in Throwing
  1698 | D:3      | Reached XP level 6. HP: 36/36 MP: 6/8
  1731 | D:3      | Acquired a manual of Spellcasting
  1763 | D:3      | Noticed Sigmund
  1824 | D:3      | Reached ** piety under Ashenzari
  2274 | D:4      | Noticed a wyvern
  2277 | D:4      | Killed a wyvern
  2278 | D:4      | Reached skill level 3 in Fighting
  2278 | D:4      | Reached skill level 7 in Stealth
  2278 | D:4      | Reached skill level 2 in Spellcasting
  2278 | D:4      | Reached skill level 2 in Hexes
  2278 | D:4      | Reached skill level 2 in Ice Magic
  2278 | D:4      | Reached XP level 7. HP: 41/41 MP: 8/10
  2440 | D:4      | Reached skill level 3 in Spellcasting
  2580 | D:4      | Found a radiant altar of Vehumet.
  2654 | D:4      | Found a blossoming altar of Fedhas.
  2668 | D:4      | Found the necklace of Bloodlust {*Rage Will++ Int-3 Slay+6}
  2759 | D:4      | Reached skill level 8 in Stealth
  2956 | D:5      | Entered Level 5 of the Dungeon
  3154 | D:5      | Noticed a water moccasin
  3160 | D:5      | Killed a water moccasin
  3161 | D:5      | Reached skill level 4 in Spellcasting
  3161 | D:5      | Reached skill level 3 in Ice Magic
  3253 | D:5      | Reached *** piety under Ashenzari
  3328 | D:5      | Reached XP level 8. HP: 46/46 MP: 13/15
  3331 | D:5      | Reached skill level 5 in Spellcasting
  3331 | D:5      | Reached skill level 3 in Dodging
  3345 | D:5      | Reached skill level 6 in Spellcasting
  3349 | D:5      | Reached skill level 4 in Fighting
  3540 | D:5      | Reached skill level 7 in Spellcasting
  3550 | D:5      | Found a sacrificial altar of Ru.
  3561 | D:5      | Found a bloodstained altar of Trog.
  3579 | D:5      | Identified the +3 chain mail of Demons {Will+ Int+2}
  3667 | D:5      | Found a staircase to the Ecumenical Temple.
  3719 | Temple   | Entered the Ecumenical Temple
  3894 | D:5      | Reached skill level 5 in Fighting
  4189 | D:5      | Reached **** piety under Ashenzari
  4249 | D:6      | Reached skill level 8 in Spellcasting
  4257 | D:6      | Noticed Edmund
  4261 | D:6      | Killed Edmund
  4262 | D:6      | Reached XP level 9. HP: 54/54 MP: 21/21
  4422 | D:6      | Reached skill level 9 in Spellcasting
  4625 | D:6      | Found a transporter.
  4630 | D:6      | Noticed Dowan
  4631 | D:6      | Noticed Duvessa
  4635 | D:6      | Killed Duvessa
  4639 | D:6      | Killed Dowan
  4834 | D:6      | Found an ancient bone altar of Kikubaaqudgha.
  4862 | D:6      | Reached skill level 10 in Spellcasting
  4875 | D:6      | Reached skill level 4 in Ice Magic
  4995 | D:6      | Identified the +1 ring mail of Saofecus {rElec rPois Str+7
                  | Int+2}
  5052 | D:6      | Found a transporter.
  5331 | D:7      | Reached skill level 5 in Ice Magic
  5490 | D:7      | Reached skill level 4 in Short Blades
  5684 | D:7      | Found an iron altar of Okawaru.
  5804 | D:7      | Reached skill level 4 in Dodging
  5880 | D:7      | Learned a level 3 spell: Portal Projectile
  6059 | D:7      | Reached skill level 3 in Hexes
  6333 | D:8      | Reached XP level 10. HP: 60/60 MP: 21/24
  6344 | D:8      | Reached skill level 5 in Short Blades
  6364 | D:8      | Reached skill level 6 in Fighting
  6364 | D:8      | Reached skill level 5 in Dodging
  6371 | D:8      | Reached skill level 6 in Short Blades
  6410 | D:8      | Reached skill level 6 in Dodging
  6554 | D:8      | Found a staircase to the Lair.
  6570 | D:8      | Learned a level 3 spell: Tukima's Dance
  6574 | D:8      | Learned a level 3 spell: Dazzling Flash
  6664 | D:8      | Reached ***** piety under Ashenzari
  6678 | D:8      | Noticed Maurice
  6687 | D:8      | Killed Maurice
  6688 | D:8      | Reached skill level 7 in Fighting
  6688 | D:8      | Reached skill level 1 in Conjurations
  6792 | D:8      | Found a shadowy altar of Dithmenos.
  6864 | D:8      | Reached skill level 7 in Dodging
  7016 | D:8      | Reached skill level 8 in Fighting
  7025 | D:8      | Reached XP level 11. HP: 69/69 MP: 10/25
  7151 | D:9      | Reached skill level 9 in Fighting
  7237 | D:9      | Found a staircase to the Orcish Mines.
  7270 | D:9      | Found a glowing golden altar of the Shining One.
  7344 | D:9      | Found an opulent altar of Gozag.
  7358 | D:9      | Reached skill level 1 in Evocations
  7404 | D:9      | Reached skill level 2 in Evocations
  7465 | D:9      | Reached skill level 10 in Fighting
  7523 | D:9      | Reached skill level 1 in Armour
  7523 | D:9      | Reached skill level 9 in Stealth
  7523 | D:9      | Identified the +2 leather armour of Biarud {rCorr}
  7560 | D:9      | Noticed a two-headed ogre
  7564 | D:9      | Killed a two-headed ogre
  7565 | D:9      | Reached skill level 2 in Armour
  7733 | D:10     | Entered Level 10 of the Dungeon
  7956 | D:10     | Reached skill level 10 in Stealth
  8104 | D:10     | Noticed Gastronok
  8150 | D:10     | Killed Gastronok
  8151 | D:10     | Reached skill level 3 in Armour
  8172 | D:10     | Identified the +1 chain mail of Dishonesty {Str+4}
  8176 | D:10     | Noticed a two-headed ogre
  8180 | D:10     | Killed a two-headed ogre
  8181 | D:10     | Reached skill level 11 in Stealth
  8308 | D:10     | Found Necw's Magic Scroll Shoppe.
  8312 | D:10     | Found Vetsiffiete's Antique Weapon Shop.
  8324 | D:10     | Bought a scroll of teleportation for 33 gold pieces
  8324 | D:10     | Bought a scroll of enchant weapon for 82 gold pieces
  8324 | D:10     | Bought a scroll of enchant armour for 82 gold pieces
  8336 | D:10     | Noticed a five-headed hydra
  8341 | D:10     | Killed a five-headed hydra
  8342 | D:10     | Reached skill level 12 in Stealth
  8602 | D:10     | Found an ornate altar of the Wu Jian Council.
  8678 | Lair:1   | Entered Level 1 of the Lair of Beasts
  8753 | Lair:1   | Reached skill level 4 in Hexes
  8758 | Lair:1   | Reached XP level 12. HP: 77/77 MP: 23/26
  8919 | Lair:1   | Noticed Erica
  8923 | Lair:1   | Killed Erica
  8924 | Lair:1   | Reached skill level 11 in Spellcasting
  8962 | Lair:1   | Reached skill level 5 in Hexes
  9046 | Lair:1   | Noticed a four-headed hydra
  9050 | Lair:1   | Killed a four-headed hydra
  9066 | Lair:1   | Noticed Urug
  9070 | Lair:1   | Killed Urug
  9071 | Lair:1   | Reached skill level 12 in Spellcasting
  9071 | Lair:1   | Reached skill level 6 in Hexes
  9199 | Lair:2   | Found a runed translucent door.
  9208 | Lair:2   | Learned a level 2 spell: Static Discharge
  9232 | Lair:2   | Found a dark tunnel.
  9256 | Volcano  | Entered a volcano
  9476 | Volcano  | Found a radiant altar of Vehumet.
  9483 | Volcano  | Reached skill level 1 in Air Magic
  9556 | Volcano  | Reached skill level 2 in Air Magic
  9578 | Volcano  | Identified the +1 chain mail "Ihuamaw" {Int-3 Dex+3 Slay+2}
  9736 | Lair:2   | Reached skill level 13 in Spellcasting
  9736 | Lair:2   | Reached skill level 7 in Hexes
  9798 | Lair:2   | Reached skill level 3 in Air Magic
  9966 | Lair:2   | Noticed Rosiu1125's ghost (journeyman MiBe)
 10028 | Lair:2   | Reached XP level 13. HP: 69/82 MP: 15/30
 10235 | Lair:2   | Reached skill level 14 in Spellcasting
 10235 | Lair:2   | Reached skill level 2 in Conjurations
 10275 | Lair:2   | Acquired the ring of Nobility {rC+ rN+ Will- EV+4 Slay+2}
 11046 | Lair:3   | Reached skill level 3 in Conjurations
 11101 | Lair:3   | Found a staircase to the Snake Pit.
 11126 | Lair:3   | Noticed a seven-headed hydra
 11130 | Lair:3   | Killed a seven-headed hydra
 11131 | Lair:3   | Reached skill level 6 in Ice Magic
 11149 | Lair:3   | Reached skill level 7 in Ice Magic
 11396 | Lair:3   | Reached skill level 7 in Short Blades
 11406 | Lair:3   | Reached skill level 8 in Dodging
 11410 | Lair:3   | Reached skill level 13 in Stealth
 11646 | Lair:3   | Noticed a five-headed hydra
 11650 | Lair:3   | Killed a five-headed hydra
 11699 | Lair:3   | Learned a level 5 spell: Lightning Bolt
 11789 | Lair:3   | Found a staircase to the Swamp.
 11794 | Lair:3   | Reached skill level 9 in Dodging
 12022 | Lair:4   | Found a viscous altar of Jiyva.
 12023 | Lair:4   | Found a staircase to the Slime Pits.
 12135 | Lair:4   | Reached skill level 14 in Stealth
 12360 | Lair:4   | Reached XP level 14. HP: 88/88 MP: 29/32
 12672 | Lair:4   | Reached skill level 10 in Dodging
 12840 | Lair:5   | Entered Level 5 of the Lair of Beasts
 12961 | Lair:5   | Reached skill level 15 in Stealth
 13074 | Lair:5   | Learned a level 3 spell: Stone Arrow
 13082 | Lair:5   | Reached skill level 11 in Dodging
 13502 | Lair:5   | Reached skill level 12 in Dodging
 14402 | Lair:5   | Reached skill level 11 in Fighting
 14606 | Lair:5   | Reached XP level 15. HP: 66/96 MP: 18/33
 14616 | Lair:5   | Reached skill level 12 in Fighting
 14679 | Lair:5   | Found a runed translucent door.
 14847 | Lair:5   | Reached skill level 4 in Conjurations
 14847 | Lair:5   | Reached skill level 4 in Air Magic
 15305 | Orc:1    | Entered Level 1 of the Orcish Mines
 15333 | Orc:1    | Noticed an orc warlord
 15537 | Orc:2    | Entered Level 2 of the Orcish Mines
 15596 | Orc:2    | Found a staircase to the Elven Halls.
 15626 | Orc:2    | Reached skill level 4 in Armour
 15801 | Orc:2    | Reached skill level 5 in Armour
 16051 | Orc:2    | Reached skill level 6 in Armour
 16098 | Orc:2    | Found Iniarphec's Antique Armour Shop.
 16104 | Orc:2    | Found Juare's Distillery.
 16118 | Orc:2    | Found Ham Qeapn's Magic Scroll Shop.
 16128 | Orc:2    | HP: 8/96 [deep troll (15)]
 16311 | Orc:2    | Reached skill level 16 in Stealth
 16311 | Orc:2    | Found Qethrera's Assorted Antiques.
 16395 | Orc:2    | Reached skill level 13 in Dodging
 16566 | Orc:1    | Noticed an orc warlord
 16574 | Orc:1    | Killed an orc warlord
 16987 | Orc:2    | Bought a potion of curing for 39 gold pieces
 16987 | Orc:2    | Bought a potion of invisibility for 104 gold pieces
 16987 | Orc:2    | Bought a potion of cancellation for 104 gold pieces
 16987 | Orc:2    | Bought a potion of heal wounds for 65 gold pieces
 16987 | Orc:2    | Bought a potion of curing for 39 gold pieces
 16987 | Orc:2    | Bought a potion of haste for 130 gold pieces
 17073 | Orc:1    | Found a transporter.
 17088 | Orc:1    | Found a transporter.
 17408 | D:6      | Noticed kalagan's ghost (novice DECj)
 17429 | D:6      | Killed kalagan's ghost
 17660 | D:11     | Reached skill level 1 in Shields
 17662 | D:11     | Reached ****** piety under Ashenzari
 17799 | D:11     | Reached skill level 1 in Summonings
 17947 | D:11     | Reached skill level 2 in Shields
 17989 | D:11     | Reached skill level 2 in Summonings
 18177 | D:11     | Reached XP level 16. HP: 108/108 MP: 32/36
 18471 | D:12     | Noticed Josephine
 18479 | D:12     | Reached skill level 3 in Summonings
 18539 | D:12     | Reached skill level 3 in Shields
 18540 | D:12     | Killed Josephine
 18593 | D:12     | Found a frozen archway.
 18649 | IceCv    | Entered an ice cave
 18713 | IceCv    | Learned a level 3 spell: Swiftness
 18719 | IceCv    | Learned a level 5 spell: Summon Mana Viper
 18771 | IceCv    | Reached skill level 4 in Summonings
 19075 | IceCv    | Reached skill level 4 in Shields
 19199 | IceCv    | Reached skill level 5 in Summonings
 19544 | D:12     | Reached skill level 5 in Shields
 19671 | D:12     | Reached skill level 6 in Summonings
 19950 | D:12     | Found a portal to a secret trove of treasure.
 20322 | D:13     | Learned a level 3 spell: Frozen Ramparts
 20326 | D:13     | Learned a level 3 spell: Ozocubu's Armour
 20371 | D:13     | Found a gate to the Vaults.
 20644 | D:13     | Reached skill level 6 in Shields
 20651 | D:13     | Reached skill level 7 in Summonings
 21011 | D:13     | Reached skill level 8 in Summonings
 21214 | D:14     | Reached skill level 9 in Summonings
 21623 | D:14     | Reached skill level 8 in Short Blades
 22068 | D:15     | Entered Level 15 of the Dungeon
 22085 | D:15     | Noticed Azrael
 22091 | D:15     | Killed Azrael
 22092 | D:15     | Reached skill level 10 in Summonings
 22147 | D:15     | Reached skill level 14 in Dodging
 22158 | D:15     | Reached XP level 17. HP: 113/113 MP: 37/37
 22398 | D:15     | Identified the +0 short sword "Waelofit" {spect, rC- Str-4
                  | Int+8 Stlth+}
 22400 | D:15     | Identified the +1 ring mail of Elic {Fly rN+ rCorr}
 22440 | D:15     | Learned a level 6 spell: Summon Cactus Giant
 22567 | D:15     | Found a sparkling altar of Nemelex Xobeh.
 22773 | D:15     | Learned a level 3 spell: Mephitic Cloud
 22905 | D:15     | Found a staircase to the Depths.
 23161 | Snake:1  | Entered Level 1 of the Snake Pit
 23165 | Snake:1  | Reached skill level 15 in Dodging
 23183 | Snake:1  | Learned a level 5 spell: Freezing Cloud
 23301 | Snake:1  | Reached skill level 11 in Summonings
 24505 | Snake:2  | Reached skill level 13 in Fighting
 24505 | Snake:2  | Reached skill level 12 in Summonings
 24571 | Snake:2  | Reached skill level 8 in Ice Magic
 24597 | Snake:2  | Noticed Donald
 24600 | Snake:2  | Killed Donald
 24663 | Snake:2  | Noticed Kirke
 24762 | Snake:2  | Identified the cursed +2 dagger of Star-Bound Wisdom {Cun,
                  | Bglg}
 24762 | Snake:2  | Identified the cursed scarf "Perceptive Loss" {shadows,
                  | Fort, Cun} (You found it on level 4 of the Lair of Beasts)
 24762 | Snake:2  | Identified the cursed +0 hat of Panopticon {Range, Alch}
                  | (You found it on level 5 of the Dungeon)
 24762 | Snake:2  | Identified the cursed +0 pair of gloves of the Omniscient
                  | Seer {Elem, Fort} (You found it on level 3 of the Lair of
                  | Beasts)
 24762 | Snake:2  | Identified the cursed +1 pair of boots of Panopticon
                  | {Melee, Bglg} (You found it on level 2 of the Lair of
                  | Beasts)
 24762 | Snake:2  | Identified the cursed +2 kite shield of Supernal Gnosis
                  | {AC+3, Alch, Bglg} (You took it off a naga warrior on level
                  | 1 of the Snake Pit)
 24762 | Snake:2  | Identified the cursed +1 leather armour of Ashenzari's
                  | Elitism {rF+, Alch, Range} (You took it off Duvessa on
                  | level 6 of the Dungeon)
 24762 | Snake:2  | Identified the cursed ring "Suspicion of Ashenzari" {rPois,
                  | Evo, Melee} (You found it on level 4 of the Dungeon)
 24879 | Snake:2  | Killed Kirke
 24880 | Snake:2  | Reached skill level 5 in Conjurations
 25076 | Snake:3  | Reached skill level 7 in Shields
 25137 | Snake:3  | Reached XP level 18. HP: 101/114 MP: 31/36
 25716 | Snake:3  | Reached skill level 16 in Dodging
 26450 | Snake:4  | Entered Level 4 of the Snake Pit
 26518 | Snake:4  | Identified the +12 arbalest "Cofeidiv" {elec, Fragile rN+
                  | Str+7}
 26796 | Snake:4  | Found a runed translucent door.
 26804 | Snake:4  | Noticed Dadghomedgh's ghost (adept GnHW)
 26835 | Snake:4  | Killed Dadghomedgh's ghost
 27159 | Snake:4  | Reached skill level 15 in Spellcasting
 27426 | Snake:4  | Reached skill level 8 in Shields
 27553 | Snake:4  | Reached skill level 14 in Fighting
 27677 | Snake:4  | Reached skill level 13 in Summonings
 27699 | Snake:4  | Noticed Vashnia
 28219 | Snake:4  | HP: 11/117 [poisoned by a nagaraja (splash of poison)]
 28219 | Snake:4  | HP: 5/117 [constriction (6)]
 28399 | Snake:4  | HP: 10/117 [Vashnia/arrow (14)]
 28403 | Snake:4  | Shot with an arrow by Vashnia

Illustrated notes

Levels and vault maps discovered:
D:1:      dpeg_arrival_simpleton_b, layout_basic,
          shapermc_ecumenical_altar_acropolis, hex_medium, minmay_curled_crystal
D:2:      layout_rooms
D:3:      layout_loops_ring, uniq_sigmund
D:4:      layout_loops_ring, fiery_altar_vehumet, kennysheep_mini_moat
D:5:      minmay_diamond_boxcup, layout_loops_cross, general_overflow_altar,
          bloody_trog, minmay_temple_entry_slanted
D:6:      layout_basic, kennysheep_vampire_church,
          gammafunk_ghost_gnarly_gnolls, uniq_duvessa, uniq_edmund
D:7:      layout_gridville, kennysheep_okawaru_gauntlet, st_stairs_13
D:8:      layout_cave_pools, grunt_dithmenos_shadows, lair_entry_dummy,
          serial_bayou_pond_a, kb_lookout_dungeons_type, uniq_maurice
D:9:      nicolae_cairo_tiling_large, layout_rooms, tso_oasis_becter,
          mainiacjoe_overflow_chevrons, orc_0_dummy
D:10:     layout_long_grid, nicolae_wu_jian_glorious_leap,
          hangedman_abyss_or_decor_passed, nicolae_wooded_promenade,
          uniq_gastronok
D:11:     layout_gridville, hangedman_incinerator
D:12:     layout_loops_ring, enter_trove_1, portal_ice_cave_rime, uniq_josephine
D:13:     layout_cave_pods, david_vaults_1, minmay_misc_feat_columns,
          chequers_jeans, drop_trap
D:14:     layout_cave_pools, serial_bayou_lagoon_a, kb_rosetta
D:15:     grunt_enter_depths_magical_seal, layout_irregular_city,
          nemelex_altar_shiori, minmay_protected_statue, uniq_azrael
Temple:   nicolae_temple_hex_pool
Lair:1:   layout_misc_corridors, st_stairs_5, uniq_erica, uniq_urug
Lair:2:   layout_loops_ring, hellmonk_ghost_happy_afterlife,
          nicolae_volcano_entry_hallway, minmay_stone_trees_large, minivault_11
Lair:3:   layout_chaotic_city, nicolae_swamp_entry_splash_gauntlet,
          minmay_snake_entry_guardpost_small, minivault_25, grunt_megastairs_1,
          infiniplex_staircase_pool, serial_bayou_shore_b
Lair:4:   cheibrodos_magma_flow, layout_regular_city, slime_entry_1
Lair:5:   wormcave, layout_cave_pods, guppyfry_lair_end_dragon,
          lemuel_fruit_fields
Snake:1:  layout_concentric_octagons, nicolae_snake_slithery_corners
Snake:2:  layout_honeycomb, serial_bayou_shore_a, lemuel_fruit_tree,
          uniq_donald, uniq_kirke
Snake:3:  cheibrodos_snake_ritualist_ritual, layout_chambers,
          nicolae_snake_serpentine_hallways, nicolae_snake_salamander_stairs,
          serial_bayou_shore_b, grunt_megastairs_4
Snake:4:  grunt_snake_rune_serpentine_throne, layout_gridlike,
          ebering_ghost_reflecting_pool, nicolae_snake_magic_snake_eye
Orc:1:    layout_caves, gammafunk_ghost_arena
Orc:2:    st_orc_open, layout_caves, basic_altar

Skill      XL: |  1  2  3  4  5  6  7  8  9 10 11 12 13 14 15 16 17 18 |
---------------+-------------------------------------------------------+-----
Short Blades   | 3 4 6 7 8 |  8.9
Ice Magic      | 1 2 3 5 7 8 |  8.0
Dodging        | 2 3 4 7 9 12 13 14 15 16 | 16.2
Hexes          | 1 2 3 4 7 |  7.9
Spellcasting   | 1 2 4 8 10 13 14 15 | 15.0
Stealth        | 6 7 8 12 14 15 16 | 16.3
Throwing       | 3 |  3.0
Fighting       | 3 5 8 10 11 12 13 14 | 14.5
Conjurations   | 1 3 4 5 |  5.2
Evocations     | 2 |  2.0
Armour         | 3 6 |  6.5
Air Magic      | 3 4 |  4.7
Shields        | 2 6 7 8 |  8.6
Summonings     | 2 10 12 13 | 13.4
Translocations | |  0.9

Action                   |  1- 3 |  4- 6 |  7- 9 | 10-12 | 13-15 | 16-18 || total
-------------------------+-------+-------+-------+-------+-------+-------++-------
Melee: Dagger            |    48 |    42 |   169 |   318 |   673 |   689 ||  1939
       Punch             |       |     1 |       |     9 |     8 |       ||    18
       Unarmed           |       |       |       |       |       |     3 ||     3
Throw: Dart              |       |       |       |     8 |     9 |     2 ||    19
       Boomerang         |       |       |       |     2 |     4 |       ||     6
 Cast: Ensorcelled Hiber |       |       |    43 |   101 |   299 |   149 ||   592
       Portal Projectile |       |       |       |     1 |       |       ||     1
       Dazzling Flash    |       |       |       |     2 |    55 |    95 ||   152
       Tukima's Dance    |       |       |       |     1 |       |       ||     1
       Static Discharge  |       |       |       |       |    17 |    31 ||    48
       Stone Arrow       |       |       |       |       |     4 |     5 ||     9
       Lightning Bolt    |       |       |       |       |     4 |    10 ||    14
       Summon Mana Viper |       |       |       |       |       |    21 ||    21
       Frozen Ramparts   |       |       |       |       |       |     5 ||     5
       Ozocubu's Armour  |       |       |       |       |       |     3 ||     3
       Summon Cactus Gia |       |       |       |       |       |     9 ||     9
       Freezing Cloud    |       |       |       |       |       |     4 ||     4
Invok: Curse Item        |     2 |     1 |     5 |     1 |     5 |     2 ||    16
       Shatter the Chain |       |       |     1 |     1 |     2 |     2 ||     6
Evoke: Wand              |       |       |     3 |    19 |     2 |    11 ||    35
  Use: Scroll            |       |     1 |     2 |     1 |     5 |     6 ||    15
       Potion            |       |       |       |     1 |     4 |     7 ||    12
 Stab: Sleeping          |    20 |    20 |    56 |    81 |   230 |   207 ||   614
       Paralysed         |       |       |     1 |     7 |     1 |       ||     9
       Distracted        |       |       |     1 |     2 |     9 |    17 ||    29
       Invisible         |       |       |       |       |    51 |    92 ||   143
Armor: Robe              |     3 |     6 |    22 |       |       |       ||    31
       Steam dragon scal |       |       |     1 |    18 |       |       ||    19
       Leather armour    |       |       |       |    18 |    79 |    42 ||   139
Dodge: Dodged            |    16 |    10 |   135 |   254 |   702 |   555 ||  1672
Block: Buckler           |       |       |       |       |    13 |   107 ||   120
       Kite shield       |       |       |       |       |       |   264 ||   264
